[Event "Team 45 45 League T100"]
[Site "Internet Chess Club"]
[Date "2024.06.21"]
[Round "6"]
[White "Fulmar"]
[Black "Ostap-Bender"]
[Result "1/2-1/2"]
[WhiteElo "1433"]
[BlackElo "1257"]
[Opening "Sicilian: closed, Korchnoi variation"]
[ECO "B23"]
[Time "15:04:31"]
[PlyCount "66"]
[TimeControl "2700+45"]

1. e4 c5 2. Nc3 e6 3. g3 d5 4. exd5 exd5 5. d4 Nf6 6. Bg2 Be6 7. Nge2 Nc6 8. O-O
h6 9. h3 Qd7 10. Kh2 Be7 11. Be3 c4 12. Ng1 O-O 13. f4 Bf5 14. Nf3 Ne4 15. Nxe4
Bxe4 16. Ne5 Nxe5 17. fxe5 Bxg2 18. Kxg2 f6 19. Qh5 Qe8 20. Qxe8 Raxe8 21. Rae1
fxe5 22. Rxf8+ Rxf8 23. dxe5 Kf7 24. Rf1+ Ke6 25. Rxf8 Bxf8 26. Bd4 a6 27. h4 h5
28. Kf3 g6 29. g4 hxg4+ 30. Kxg4 Be7 31. b3 b5 32. Bc3 Bd8 33. Bd4 Be7 {Game
drawn by mutual agreement} 1/2-1/2

[Event "Team 45 45 League T100"]
[Site "Internet Chess Club"]
[Date "2024.06.22"]
[Round "6"]
[White "stantheman59"]
[Black "Reykjaviking"]
[Result "0-1"]
[WhiteElo "1183"]
[BlackElo "1297"]
[Opening "Dutch defense"]
[ECO "A84"]
[Time "13:32:36"]
[PlyCount "110"]
[TimeControl "2700+45"]

1. c4 f5 2. d4 b6 3. Nc3 Bb7 4. Nf3 Nf6 5. Bf4 e6 6. Bg5 Bb4 7. e3 Bxc3+ 8. bxc3
O-O 9. Bd3 d6 10. O-O h6 11. Bh4 Qe8 12. Re1 Ne4 13. Qc2 Nd7 14. Nd2 Ndf6 15. f3
Nxd2 16. Qxd2 Qg6 17. Qf2 Rad8 18. Bg3 Rd7 19. c5 dxc5 20. Bc4 Nh7 21. dxc5 bxc5
22. Rad1 Bd5 23. Bb3 c4 24. Bxc4 c6 25. Bd3 Ng5 26. c4 Bxf3 27. gxf3 Nh3+ 28.
Kg2 Nxf2 29. Kxf2 Rfd8 30. Bh4 Rxd3 31. Bxd8 Rxd1 32. Rxd1 f4 33. e4 c5 34. Rd6
Qe8 35. Rd1 Qa4 36. Rd6 Qxa2+ 37. Kg1 Qxc4 38. Rd7 Qc1+ 39. Kg2 Qa3 40. Be7 a5
41. Rc7 Qb2+ 42. Kh3 Qf2 43. Bh4 Qxf3+ 44. Bg3 fxg3 45. hxg3 Qf1+ 46. Kg4 Qe2+
47. Kf4 g5+ 48. Ke5 Qc4 49. Kf6 Qd4+ 50. e5 Qd8+ 51. Re7 c4 52. Kxe6 c3 53. Rd7
Qb6+ 54. Rd6 Qb3+ 55. Kf6 Qf7# {White checkmated} 0-1